 Dungeon Crawl Stone Soup version 0.17-a0-1447-g3d113ad (webtiles) character file.

30 magipi the Firebug (level 3, -7/19 HPs)
             Began as a Tengu Fire Elementalist on June 29, 2015.
             Killed from afar by an orc wizard (9 damage)
             ... with a puff of flame
             ... on level 3 of the Dungeon.
             The game lasted 00:08:43 (1602 turns).

magipi the Firebug (Tengu Fire Elementalist)        Turns: 1602, Time: 00:08:43

Health: -7/19      AC:  3    Str:  8    XL:     3   Next: 20%
Magic:  5/7        EV:  7    Int: 16    God:
Gold:   88         SH:  0    Dex: 14    Spells: 2 memorised, 2 levels left

rFire  . . .     SeeInvis .     o - +0 mace
rCold  . . .     Clarity  .     f - +0 leather armour
rNeg   . . .     SustAt   .     (no shield)
rPois  .         Gourm    .     (helmet restricted)
rElec  .         Spirit   .     (no cloak)
rCorr  .         Warding  .     (no gloves)
rMut   .         Stasis   .     (boots unavailable)
MR     .....                    (no amulet)
Stlth  ++........               (no ring)
                                (no ring)

@: very slightly contaminated, not resistant to hostile enchantments, unstealthy
A: beak, talons 3
a: no special abilities


You were on level 3 of the Dungeon.
You were very hungry.

You visited 1 branch of the dungeon, and saw 3 of its levels.

You collected 88 gold pieces.

Notes
Turn   | Place    | Note
--------------------------------------------------------------
     0 | D:1      | magipi the Tengu Fire Elementalist began the quest for the Orb.
     0 | D:1      | Reached XP level 1. HP: 10/10 MP: 4/4
   248 | D:1      | Reached XP level 2. HP: 15/15 MP: 3/6
   600 | D:1      | Found a sparkling altar of Nemelex Xobeh.
   830 | D:2      | Noticed Jessica
   882 | D:2      | Found a shattered altar of Ashenzari.
   994 | D:2      | Noticed Terence
  1116 | D:2      | Noticed Crazy Yiuf
  1195 | D:3      | Found a blossoming altar of Fedhas.
  1198 | D:3      | Reached XP level 3. HP: 19/19 MP: 4/7
  1203 | D:3      | Learned a level 3 spell: Conjure Flame
  1223 | D:3      | Found a deep blue altar of Sif Muna.
  1226 | D:3      | Reached skill level 4 in Fire Magic
  1602 | D:3      | Killed from afar by an orc wizard

Inventory:

Hand weapons
 e - a +0 club
 o - a +0 mace (weapon)
Missiles
 k - 24 stones (quivered)
 m - 41 poisoned needles
Armour
 a - a +0 robe
 f - a +0 leather armour (worn)
Scrolls
 l - 2 scrolls of recharging {unknown}
 q - a scroll of blinking {unknown}
Potions
 h - 2 potions of haste {unknown}
 n - a potion of curing {unknown}
 p - a potion of brilliance {unknown}
 r - a potion of flight {unknown}
 s - 2 potions of degeneration {unknown}
 t - a potion of ambrosia {unknown}
Books
 b - a book of Flames

   Spells                             Type                      Level
   a - Flame Tongue                   Conjuration/Fire             1
   b - Throw Flame                    Conjuration/Fire             2
   c - Conjure Flame                  Conjuration/Fire             3
   d - Inner Flame                    Hexes/Fire                   3
   e - Sticky Flame                   Conjuration/Fire             4
   f - Fireball                       Conjuration/Fire             5
Comestibles
 c - 2 bread rations
 d - a slice of pizza
 g - 8 fruits
 i - 3 meat rations


   Skills:
 - Level 2.1 Dodging
 - Level 2.0 Stealth
 - Level 2.0 Spellcasting
 + Level 2.9 Conjurations
 + Level 4.1 Fire Magic


You had 2 spell levels left.
You knew the following spells:

 Your Spells              Type           Power        Failure   Level  Hunger
a - Flame Tongue          Conj/Fire      ##...        10%         1    #......
b - Conjure Flame         Conj/Fire      ##......     21%         3    ###....


Dungeon Overview and Level Annotations

Branches:
Dungeon (3/15)

Altars:
Ashenzari
Fedhas
Nemelex Xobeh
Sif Muna

Annotations:
D:2 Crazy Yiuf, Jessica, Terence


Innate Abilities, Weirdness & Mutations

You have a beak for a mouth.
You have claws for feet.

Vault maps used:
D:1:      sevenhm_arrival_forest_fort_small_6, serial_curves, eino_curves_04,
          eino_curves_02, eino_curves_03, minmay_misc_feat_four_crosses,
          minmay_misc_feat_tiny, nemelex_altar_shiori
D:2:      nicolae_overflow_crystal_walls, patterned_corridor, uniq_terence,
          uniq_crazy_yiuf_cottage, uniq_jessica
D:3:      grunt_temple_overflow_open, grunt_ministairs_2,
          okawaru_metal_pillars_3


Message History

There is a stone staircase leading up here.
The orc barely misses you.
You climb upwards.
Level annotation: Crazy Yiuf, Jessica, Terence
There is a stone staircase leading down here.
You hit the orc but do no damage. You peck the orc, but do no damage.
The orc misses you.
You barely miss the orc. You claw the orc. You peck the orc, but do no damage.
The orc is heavily wounded.
The orc misses you. The orc hits you.
You closely miss the orc.
The orc is heavily wounded.
The orc misses you.
You hit the orc but do no damage.
The orc is heavily wounded.
The orc hits you but does no damage.
You barely miss the orc. You claw the orc, but do no damage.
The orc is heavily wounded.
The orc hits you. The orc barely misses you.
You barely miss the orc. You peck the orc, but do no damage.
The orc is heavily wounded.
The orc barely misses you.
Casting: Flame Tongue
Confirm with . or Enter, or press ? or * to list all spells.
Aiming: Flame Tongue
Press: ? - help, Shift-Dir - straight line, f - orc
Aim: an orc, wearing a scale mail (heavily wounded)
The flame tongue hits the orc.
The orc appears unharmed.
The orc is heavily wounded.
The orc misses you.
Casting: Flame Tongue
Confirm with . or Enter, or press ? or * to list all spells.
You don't have enough magic to cast that spell.
You hit the orc but do no damage.
The orc is heavily wounded.
The orc hits you. The orc barely misses you.
Unknown command.
You hit the orc.
The orc is severely wounded.
The orc hits you.
You hit the orc. Your peck misses the orc.
The orc is almost dead.
The orc hits you.
* * * LOW HITPOINT WARNING * * *
Casting: Flame Tongue
Confirm with . or Enter, or press ? or * to list all spells.
Aiming: Flame Tongue
Press: ? - help, Shift-Dir - straight line, f/p - orc
Aim: an orc, wearing a scale mail (almost dead)
The flame tongue hits the orc.
You kill the orc!
Unknown command.
Things that are here:
a scale mail; an orc corpse You butcher the orc corpse.
j - 8 chunks of flesh (gained 4)
You see here a scale mail.
You start resting.
Magic restored.
You start resting.
You are feeling hungry.
You start resting.
Some of the chunks of flesh in your inventory have rotted away.
You start resting.
HP restored.
All of the chunks of flesh in your inventory have rotted away.
There is a stone staircase leading down, spattered with blood here.
Eat which item? (? for menu, Esc to quit)
Okay, then.
You see here a scale mail.
There is a stone staircase leading down, spattered with blood here.
You climb downwards.
There is a stone staircase leading up here.
The orc wizard shouts!
Casting: Flame Tongue
Confirm with . or Enter, or press ? or * to list all spells.
Aiming: Flame Tongue
Press: ? - help, Shift-Dir - straight line, f - orc wizard
Aim: an orc wizard, wielding a dagger and wearing a robe The flame tongue hits the orc wizard.
The orc wizard is lightly wounded.
The orc wizard gestures at you while chanting.
The puff of frost hits you!
Casting: Flame Tongue
Confirm with . or Enter, or press ? or * to list all spells.
Aiming: Flame Tongue
Press: ? - help, Shift-Dir - straight line, f/p - orc wizard
Aim: an orc wizard, wielding a dagger and wearing a robe (lightly wounded)
You miscast Flame Tongue.
You are very lightly contaminated with residual magic.
Wisps of smoke drift from your hands.
You are feeling very hungry.
The orc wizard casts a spell at you. The puff of flame hits you!
Ouch! That really hurt!
* * * LOW HITPOINT WARNING * * *
There is a stone staircase leading up here.
The orc wizard gestures at you while chanting.
The puff of flame hits you!
You die...

....).........##
#.#..._....#...##
#.###...........# ..#
###..#.#....# #.#
#.##.##.#.#
..#####.##.##.#>#
....)...##.##.#.#######
.###.#..)..o.o........##
. #.#.###.##.#)@......#
. #..........#######..#
. .........#.## #
...#########.# .. #.# .
#. #.


You could see an orc wizard and an orc (wandering).

Vanquished Creatures
  3 giant geckos (D:1)
  3 orcs
  2 hobgoblins (D:1)
  6 bats
  A giant newt (D:1)
  4 goblins
  2 kobolds
  5 rats
26 creatures vanquished.

Action                   || total
-------------------------++-------
Melee: Club              ||     1
       Mace              ||    11
 Cast: Flame Tongue      ||    51
  Eat: Chunk             ||     2

Action                   || total
-------------------------++-------
Melee: Club              ||     1
       Mace              ||    11
 Cast: Flame Tongue      ||    51
  Eat: Chunk             ||     2
